| TOP OF THE 1ST |
|
Mobile BayBears batting - Pitching for Biloxi Shuckers : LHP Taek-hyun Kim
|
|
Pitching: LHP Taek-hyun Kim
|
|
|
Batting: RHB Edgar Garcia
|
0-0: Ball 1-0: Foul Ball, location: 2F 1-1: Ball 2-1: Ball 3-1: Base on Balls
|
|
Batting: RHB Marlon Reda
|
0-0: Called Strike 0-1: Ball 1-1: Fly out, F7 (Flyball, 78M, EV 80.6 MPH)
|
|
Batting: LHB Kevin Ferguson
|
0-0: Ball Edgar Garcia steals 2nd base 1-0: Foul Ball, location: 2F 1-1: Foul Ball, location: 2F 1-2: Fly out, F8 (Flyball, 8LM, EV 86.2 MPH)
|
|
Batting: RHB Chris Bittner
|
0-0: Foul Ball, location: 2F 0-1: Swinging Strike 0-2: Strikes out swinging
|
| Top of the 1st over - 0 runs, 0 hits, 0 errors, 1 left on base; Mobile 0 - Biloxi 0 |
| BOTTOM OF THE 1ST |
|
Biloxi Shuckers batting - Pitching for Mobile BayBears : LHP Juan Perez
|
|
Pitching: LHP Juan Perez
|
|
|
Batting: SHB Mike Williams
|
0-0: Ball 1-0: Ball 2-0: Fly out, F8 (Flyball, 8RD, EV 97.5 MPH)
|
|
Batting: LHB Gabe Harvey
|
0-0: Called Strike 0-1: Ball 1-1: Ground out 5-3 (Groundball, 5S, EV 66.2 MPH)
|
|
Batting: RHB Steve Byerly
|
0-0: Ball 1-0: Swinging Strike 1-1: Ball 2-1: Foul Ball, location: 2F 2-2: SINGLE (Line Drive, 9S, EV 95.6 MPH)
|
|
Batting: RHB Vinny Estrada
|
0-0: Ball 1-0: Called Strike 1-1: SINGLE (Groundball, 56D, EV 98.1 MPH) Steve Byerly to second
|
|
Batting: RHB Skyler Goss
|
0-0: Ball 1-0: Ball 2-0: Ball 3-0: Fielders Choice at 2nd, 6-4 (Groundball, 6, EV 104.4 MPH)
|
| Bottom of the 1st over - 0 runs, 2 hits, 0 errors, 2 left on base; Mobile 0 - Biloxi 0 |
| TOP OF THE 2ND |
|
Mobile BayBears batting - Pitching for Biloxi Shuckers : LHP Taek-hyun Kim
|
|
Batting: RHB Andy Schuett
|
0-0: Ball 1-0: Ground out 6-3 (Groundball, 6, EV 83.8 MPH)
|
|
Batting: RHB Franklin Villanueva
|
0-0: Fly out, F7 (Flyball, 78S, EV 93.8 MPH)
|
|
Batting: RHB Scott Carr
|
0-0: Ball 1-0: Fly out, F3 (Popup, 3S, EV 70.6 MPH)
|
| Top of the 2nd over - 0 runs, 0 hits, 0 errors, 0 left on base; Mobile 0 - Biloxi 0 |
| BOTTOM OF THE 2ND |
|
Biloxi Shuckers batting - Pitching for Mobile BayBears : LHP Juan Perez
|
|
Batting: RHB Matthew Adams
|
0-0: Ball 1-0: Ball 2-0: Foul Ball, location: 2F 2-1: Ball 3-1: Fly out, F9 (Flyball, 9LS, EV 88.1 MPH)
|
|
Batting: RHB Leo Serrano
|
0-0: Ground out 5-3 (Groundball, 5S, EV 69.4 MPH)
|
|
Batting: RHB Jonathan Sarles
|
0-0: Ground out 6-3 (Groundball, 6, EV 85.6 MPH)
|
| Bottom of the 2nd over - 0 runs, 0 hits, 0 errors, 0 left on base; Mobile 0 - Biloxi 0 |
| TOP OF THE 3RD |
|
Mobile BayBears batting - Pitching for Biloxi Shuckers : LHP Taek-hyun Kim
|
|
Batting: LHB T.J. Duvall
|
0-0: Ground out 4-3 (Groundball, 4, EV 86.2 MPH)
|
|
Batting: RHB Yasuo Nakata
|
0-0: Called Strike 0-1: Ball 1-1: Swinging Strike 1-2: Ball 2-2: Strikes out swinging
|
|
Batting: RHB Edgar Garcia
|
0-0: Ball 1-0: Foul Ball, location: 2F 1-1: Ground out 4-3 (Groundball, 4, EV 80.6 MPH)
|
| Top of the 3rd over - 0 runs, 0 hits, 0 errors, 0 left on base; Mobile 0 - Biloxi 0 |
| BOTTOM OF THE 3RD |
|
Biloxi Shuckers batting - Pitching for Mobile BayBears : LHP Juan Perez
|
|
Batting: SHB Robert Sayer
|
0-0: Ground out 6-3 (Groundball, 56, EV 105.6 MPH)
|
|
Batting: SHB Mike Williams
|
0-0: Ball 1-0: Called Strike 1-1: Foul Ball, location: 2F 1-2: Ball 2-2: Strikes out swinging
|
|
Batting: LHB Gabe Harvey
|
0-0: Foul Ball, location: 2F 0-1: Hit by Pitch
|
|
Batting: RHB Steve Byerly
|
0-0: Ball 1-0: Ball 2-0: Ball 3-0: Base on Balls Gabe Harvey to second
|
|
Batting: RHB Vinny Estrada
|
0-0: SINGLE (Groundball, 4MS, EV 65.6 MPH) (infield hit) Gabe Harvey to third Steve Byerly to second
|
|
Batting: RHB Skyler Goss
|
0-0: Called Strike 0-1: Foul Ball, location: 2F 0-2: Ball 1-2: Strikes out swinging
|
| Bottom of the 3rd over - 0 runs, 1 hit, 0 errors, 3 left on base; Mobile 0 - Biloxi 0 |
| TOP OF THE 4TH |
|
Mobile BayBears batting - Pitching for Biloxi Shuckers : LHP Taek-hyun Kim
|
|
Batting: RHB Marlon Reda
|
0-0: Ground out 4-3 (Groundball, 4, EV 77.5 MPH)
|
|
Batting: LHB Kevin Ferguson
|
0-0: Ball 1-0: Called Strike 1-1: Ball 2-1: SINGLE (Line Drive, 7S, EV 111.2 MPH)
|
|
Batting: RHB Chris Bittner
|
Pickoff Throw to First - Out! 1-3 CS 0-0: Ball 1-0: Called Strike 1-1: Swinging Strike 1-2: Ground out 6-3 (Groundball, 6, EV 100.6 MPH)
|
| Top of the 4th over - 0 runs, 1 hit, 0 errors, 0 left on base; Mobile 0 - Biloxi 0 |
| BOTTOM OF THE 4TH |
|
Biloxi Shuckers batting - Pitching for Mobile BayBears : LHP Juan Perez
|
|
Batting: RHB Matthew Adams
|
0-0: Ball 1-0: Ball 2-0: Ball 3-0: Called Strike 3-1: Swinging Strike 3-2: Base on Balls
|
|
Batting: RHB Leo Serrano
|
0-0: Ball 1-0: Called Strike 1-1: Ball 2-1: Ball 3-1: Foul Ball, location: 2F 3-2: Base on Balls Matthew Adams to second
|
|
Batting: RHB Jonathan Sarles
|
0-0: Ball 1-0: Ball 2-0: Swinging Strike 2-1: Ball 3-1: Base on Balls Matthew Adams to third Leo Serrano to second
|
|
Batting: SHB Robert Sayer
|
0-0: Swinging Strike 0-1: SINGLE (Groundball, 4MD, EV 105.6 MPH) Matthew Adams scores Leo Serrano to third Jonathan Sarles to second
|
|
Batting: SHB Mike Williams
|
0-0: Called Strike 0-1: Ball 1-1: Ball 2-1: Ball 3-1: SINGLE (Line Drive, 9S, EV 93.8 MPH) Leo Serrano scores Jonathan Sarles to third Robert Sayer to second
|
|
Batting: LHB Gabe Harvey
|
0-0: Ball 1-0: Grounds into double play, 6-2-3 (Groundball, 6MS, EV 68.8 MPH) Robert Sayer to third Mike Williams to second
|
|
Batting: RHB Steve Byerly
|
0-0: Called Strike 0-1: Ground out 5-3 (Groundball, 56, EV 105.0 MPH)
|
| Bottom of the 4th over - 2 runs, 2 hits, 0 errors, 2 left on base; Mobile 0 - Biloxi 2 |
| TOP OF THE 5TH |
|
Mobile BayBears batting - Pitching for Biloxi Shuckers : LHP Taek-hyun Kim
|
|
Batting: RHB Andy Schuett
|
0-0: Called Strike 0-1: Ball 1-1: Hit by Pitch
|
|
Batting: RHB Franklin Villanueva
|
0-0: Grounds into double play, 6-4-3 (Groundball, 6, EV 91.2 MPH)
|
|
Batting: RHB Scott Carr
|
0-0: Fly out, F9 (Flyball, 9, EV 97.5 MPH)
|
| Top of the 5th over - 0 runs, 0 hits, 0 errors, 0 left on base; Mobile 0 - Biloxi 2 |
| BOTTOM OF THE 5TH |
|
Biloxi Shuckers batting - Pitching for Mobile BayBears : LHP Juan Perez
|
|
Batting: RHB Vinny Estrada
|
0-0: Ball 1-0: Ball 2-0: Ball 3-0: Called Strike 3-1: DOUBLE (Line Drive, 9LS, EV 105.0 MPH)
|
|
Batting: RHB Skyler Goss
|
0-0: Called Strike 0-1: Ball 1-1: Ground out 5-3 (Groundball, 56S, EV 71.2 MPH) Vinny Estrada to third
|
|
Batting: RHB Matthew Adams
|
0-0: Intentional Walk
|
|
Batting: RHB Leo Serrano
|
0-0: Ball 1-0: Ball 2-0: Swinging Strike 2-1: Called Strike 2-2: Foul Ball, location: 2F 2-2: Strikes out swinging
|
|
Batting: RHB Jonathan Sarles
|
0-0: Ball 1-0: Called Strike 1-1: Ball 2-1: Swinging Strike 2-2: Strikes out swinging
|
| Bottom of the 5th over - 0 runs, 1 hit, 0 errors, 2 left on base; Mobile 0 - Biloxi 2 |
| TOP OF THE 6TH |
|
Mobile BayBears batting - Pitching for Biloxi Shuckers : LHP Taek-hyun Kim
|
|
Batting: LHB T.J. Duvall
|
0-0: Called Strike 0-1: Called Strike 0-2: Ball 1-2: Ball 2-2: Foul Ball, location: 2F 2-2: Ball 3-2: SINGLE (Groundball, 4D, EV 101.2 MPH)
|
|
Batting: RHB Yasuo Nakata
|
0-0: Ball 1-0: Swinging Strike 1-1: Grounds into double play, 5-4-3 (Groundball, 56, EV 85.6 MPH)
|
|
Batting: RHB Edgar Garcia
|
0-0: Ball 1-0: Ball 2-0: Called Strike 2-1: Ball 3-1: Called Strike 3-2: DOUBLE (Line Drive, 3D, EV 97.5 MPH)
|
|
Batting: RHB Marlon Reda
|
0-0: 2-RUN HOME RUN (Flyball, 7D, EV 98.8 MPH), Distance : 384 ft
|
|
Batting: LHB Kevin Ferguson
|
0-0: Ball 1-0: Called Strike 1-1: Ball 2-1: Ball 3-1: Base on Balls
|
|
Batting: RHB Chris Bittner
|
0-0: Ball 1-0: Ball 2-0: Called Strike 2-1: Ball 3-1: Base on Balls Kevin Ferguson to second
|
|
Batting: RHB Andy Schuett
|
0-0: Ball 1-0: Swinging Strike 1-1: Ball 2-1: Foul Ball, location: 2F 2-2: Ball 3-2: Base on Balls Kevin Ferguson to third Chris Bittner to second
|
|
Batting: RHB Franklin Villanueva
|
0-0: Ball 1-0: Swinging Strike 1-1: Swinging Strike 1-2: Foul Ball, location: 2F 1-2: Strikes out swinging
|
| Top of the 6th over - 2 runs, 3 hits, 0 errors, 3 left on base; Mobile 2 - Biloxi 2 |
| BOTTOM OF THE 6TH |
|
Biloxi Shuckers batting - Pitching for Mobile BayBears : LHP Juan Perez
|
|
Pitching: RHP Nate Bixler
|
|
|
Batting: SHB Robert Sayer
|
0-0: Foul Ball, location: 2F 0-1: Bunted foul 0-2: Ball 1-2: Reached on error, E6 (Groundball, 6, EV 104.4 MPH)
|
|
Batting: SHB Mike Williams
|
0-0: Ball 1-0: Called Strike Robert Sayer is caught stealing 2nd base 2-6 1-1: Ball 2-1: Swinging Strike 2-2: Foul Ball, location: 2F 2-2: DOUBLE (Groundball, 3L, EV 105.0 MPH)
|
|
Batting: LHB Gabe Harvey
|
0-0: Intentional Walk
|
|
Batting: RHB Steve Byerly
|
0-0: Foul Ball, location: 2F 0-1: Ball 1-1: Swinging Strike 1-2: Ball 2-2: Ball 3-2: Foul Ball, location: 2F 3-2: Strikes out swinging
|
|
Batting: RHB Vinny Estrada
|
0-0: Ball 1-0: Called Strike 1-1: Ball 2-1: SINGLE (Line Drive, 89S, EV 99.4 MPH) Mike Williams to third Gabe Harvey to second Runner from 3rd tries for Home, SAFE, throw by RF to home
|
|
Batting: RHB Skyler Goss
|
0-0: Called Strike 0-1: Foul Ball, location: 2F 0-2: Foul Ball, location: 2F 0-2: Strikes out swinging
|
| Bottom of the 6th over - 1 run, 2 hits, 1 error, 2 left on base; Mobile 2 - Biloxi 3 |
| TOP OF THE 7TH |
|
Mobile BayBears batting - Pitching for Biloxi Shuckers : LHP Taek-hyun Kim
|
|
Batting: RHB Scott Carr
|
0-0: Called Strike 0-1: Called Strike 0-2: Ball 1-2: Ball 2-2: Ball 3-2: SINGLE (Groundball, 56S, EV 68.8 MPH) (infield hit)
|
|
Batting: LHB T.J. Duvall
|
0-0: Ball 1-0: Ball 2-0: Called Strike 2-1: Fielders Choice at 2nd, 5-4 (Groundball, 56, EV 84.4 MPH)
|
|
Pitching: RHP Josh Pelletier
|
|
|
Batting: RHB Yasuo Nakata
|
0-0: Called Strike 0-1: Swinging Strike 0-2: Strikes out swinging
|
|
Pinch Hitting: LHB Willie Gutierrez
|
0-0: Fielders Choice at 2nd, 6-4 (Groundball, 6, EV 90.6 MPH)
|
| Top of the 7th over - 0 runs, 1 hit, 0 errors, 1 left on base; Mobile 2 - Biloxi 3 |
| BOTTOM OF THE 7TH |
|
Biloxi Shuckers batting - Pitching for Mobile BayBears : RHP Nate Bixler
|
|
Pitching: LHP Eric Dennis
|
|
|
Now in CF: Willie Gutierrez
|
|
|
Batting: RHB Matthew Adams
|
0-0: Swinging Strike 0-1: Ball 1-1: Foul Ball, location: 2F 1-2: Ball 2-2: Ball 3-2: Ground out 6-3 (Groundball, 6, EV 100.6 MPH)
|
|
Pitching: RHP Mike Stover
|
|
|
Batting: RHB Leo Serrano
|
0-0: Called Strike 0-1: Foul Ball, location: 2F 0-2: Ball 1-2: Ground out 6-3 (Groundball, 6S, EV 70.6 MPH)
|
|
Batting: RHB Jonathan Sarles
|
0-0: Foul Ball, location: 2F 0-1: Foul Ball, location: 2F 0-2: Ball 1-2: Foul Ball, location: 2F 1-2: Ground out 5-3 (Groundball, 56, EV 93.1 MPH)
|
| Bottom of the 7th over - 0 runs, 0 hits, 0 errors, 0 left on base; Mobile 2 - Biloxi 3 |
| TOP OF THE 8TH |
|
Mobile BayBears batting - Pitching for Biloxi Shuckers : RHP Josh Pelletier
|
|
Batting: RHB Marlon Reda
|
0-0: Fly out, F8 (Flyball, 8RXD, EV 78.1 MPH)
|
|
Batting: LHB Kevin Ferguson
|
0-0: Ball 1-0: Foul Ball, location: 2F 1-1: Called Strike 1-2: Foul Ball, location: 2F 1-2: Ball 2-2: Strikes out swinging
|
|
Batting: RHB Chris Bittner
|
0-0: Ball 1-0: Ground out 5-3 (Groundball, 56, EV 98.8 MPH)
|
| Top of the 8th over - 0 runs, 0 hits, 0 errors, 0 left on base; Mobile 2 - Biloxi 3 |
| BOTTOM OF THE 8TH |
|
Biloxi Shuckers batting - Pitching for Mobile BayBears : RHP Mike Stover
|
|
Pitching: RHP Rich Garces
|
|
|
Batting: SHB Robert Sayer
|
0-0: Called Strike 0-1: Ball 1-1: Foul Ball, location: 2F 1-2: Strikes out looking
|
|
Batting: SHB Mike Williams
|
0-0: Called Strike 0-1: Fly out, F7 (Flyball, 78M, EV 91.9 MPH)
|
|
Batting: LHB Gabe Harvey
|
0-0: Foul Ball, location: 2F 0-1: Foul Ball, location: 2F 0-2: Ball 1-2: Strikes out looking
|
| Bottom of the 8th over - 0 runs, 0 hits, 0 errors, 0 left on base; Mobile 2 - Biloxi 3 |
| TOP OF THE 9TH |
|
Mobile BayBears batting - Pitching for Biloxi Shuckers : RHP Josh Pelletier
|
|
Pitching: RHP Elijah Seabrooks
|
|
|
Batting: RHB Andy Schuett
|
0-0: Ball 1-0: Swinging Strike 1-1: Fly out, F8 (Flyball, 89D, EV 80.6 MPH)
|
|
Batting: RHB Franklin Villanueva
|
0-0: Called Strike 0-1: Swinging Strike 0-2: Hit by Pitch
|
|
Batting: RHB Scott Carr
|
0-0: Ball 1-0: Ball 2-0: Called Strike 2-1: Foul Ball, location: 2F 2-2: Strikes out looking
|
|
Batting: LHB T.J. Duvall
|
0-0: Called Strike 0-1: Ball 1-1: Foul Ball, location: 2F 1-2: Strikes out swinging
|
| Top of the 9th over - 0 runs, 0 hits, 0 errors, 1 left on base; Mobile 2 - Biloxi 3 |
|